 Dungeon Crawl Stone Soup version 0.30-a0-722-g3e6e8c874d (webtiles) character file.

Game seed: 17139154082687763560

51 Lobster4 the Shooter (level 3, -2/31 HPs)
             Began as a Minotaur Hunter on Jan 28, 2023.
             Slain by Natasha (5 damage)
             ... on level 2 of the Dungeon.
             The game lasted 00:03:19 (1062 turns).

Lobster4 the Shooter (Minotaur Hunter)              Turns: 1062, Time: 00:03:20

Health: -2/31      AC:  5    Str: 15    XL:     3   Next: 58%
Magic:  2/2        EV: 11    Int:  6    God:
Gold:   60         SH:  0    Dex: 15    Spells: 2/2 levels left

rFire   . . .      SeeInvis .    a - +0 shortbow
rCold   . . .      Faith    .    (shield currently unavailable)
rNeg    . . .      Spirit   .    f - +0 ring mail
rPois   .          Reflect  .    (helmet restricted)
rElec   .          Harm     .    (no cloak)
rCorr   .          Rampage  .    (no gloves)
Will    .....                    (no boots)
Stlth   +                        (no amulet)
HPRegen 0.25/turn                (no ring)
MPRegen 0.08/turn                (no ring)

@: no status effects
A: horns 2, retaliatory headbutt
a: no special abilities


You were on level 2 of the Dungeon.
You visited 1 branch of the dungeon, and saw 2 of its levels.

You collected 60 gold pieces.

Inventory:

Hand Weapons
 a - a +0 shortbow (weapon)
 b - a +0 spear
 j - a +1 dagger of venom
 q - a +0 sling
Missiles
 r - 3 javelins
Armour
 c - a +0 leather armour
 f - a +0 ring mail (worn)
Jewellery
 p - a ring of wizardry
Scrolls
 d - 2 scrolls of immolation
 g - 2 scrolls of identify {unknown}
 i - a scroll of teleportation {unknown}
 l - a scroll of poison {unknown}
 o - a scroll of magic mapping {unknown}
Potions
 e - 2 potions of heal wounds {unknown}
 h - 2 potions of haste {unknown}
 k - 2 potions of curing {unknown}
 m - a potion of magic {unknown}
 n - a potion of lignification {unknown}


   Skills:
 + Level 3.0 Fighting
 * Level 5.0 Ranged Weapons
 + Level 1.5 Armour
 + Level 2.8 Dodging
 - Level 1.0 Stealth


You had 2 spell levels left.
You didn't know any spells.
Your spell library contained the following spells:

 Spells                   Type           Power      Damage    Failure   Level
 Sandblast                Erth           0%         2d4       67%         1
 Passwall                 Tmut/Erth      0%         N/A       82%         2
 Stone Arrow              Conj/Erth      0%         3d7       96%         3
 Animate Dead             Necr           0%         N/A       100%        4
 Haunt                    Necr/Summ      0%         N/A       100%        7
 Infestation              Necr           0%         N/A       100%        8


Dungeon Overview and Level Annotations

Branches:
Dungeon (2/15)

Altars:

Annotations:
D:2 Natasha


Innate Abilities, Weirdness & Mutations

You have a pair of horns on your head.
You reflexively headbutt those who attack you in melee.


Message History

The rat closely misses you.
Natasha mumbles some strange words.
Natasha shimmers violently.
Natasha zaps a wand.
You hear a grinding noise.
The rat barely misses you. You furiously retaliate!
You headbutt the rat. You shoot an arrow. The arrow closely misses the rat.
The rat bites you but does no damage.
You shoot an arrow. The arrow completely misses the rat.
The rat misses you.
You shoot an arrow. The arrow hits the rat!
You kill the rat!
Natasha zaps a wand.
Some rock shatters into small pieces.
You shoot an arrow.
The arrow hits the white imp but does no damage.
The white imp disappears in a puff of smoke!
You shoot an arrow. The arrow closely misses Natasha.
Natasha claws you.
You shoot an arrow. The arrow barely misses Natasha.
Natasha stares at you and mumbles some strange words.
The magic dart hits you.
You shoot an arrow. The arrow misses Natasha.
Natasha claws you. x2
* * * LOW HITPOINT WARNING * * *
You are too injured to fight recklessly!
You are too injured to fight recklessly!
You are too injured to fight recklessly!
You are too injured to fight recklessly!
You shoot an arrow. The arrow barely misses Natasha.
Natasha barely misses you.
You shoot an arrow. The arrow closely misses Natasha.
Natasha closely misses you.
You shoot an arrow. The arrow hits Natasha.
Natasha is moderately wounded.
Natasha mumbles some strange words.
You feel disoriented. Natasha claws you.
* * * LOW HITPOINT WARNING * * *
Natasha barely misses you.
You shoot an arrow.
The arrow hits Natasha but does no damage.
Natasha is moderately wounded.
Natasha claws you.
You die...

...........######
######..##....
#...................
###.###....
....#....#.........
##.....#....
.........#.........
#..#...#....
##.......#........
#.##...#.... ..(.....##
....... #.##...#
.####............## ##......#
............###†h.###.......#
................@..#........#
.....##.....#.#.#....#......#
.....##..............#......#
....###.........#...........#
....#..............>#....####
....#....<......#+#.##...#
#####........#......######
+...+........#......#
###'#........#......#


You could see Natasha.

Vanquished Creatures
  An adder (D:2)
  A dart slug (D:2)
  5 ball pythons
  2 endoplasms
  3 giant cockroaches
  3 goblins
  5 hobgoblins
  6 jackals (D:1)
  A kobold (D:1)
  A bat (D:1)
  2 frilled lizards (D:1)
  6 rats
36 creatures vanquished.

Notes
Turn   | Place    | Note
-------+----------+-------------------------------------------
     0 | D:1      | Lobster4 the Minotaur Hunter began the quest for the Orb.
     0 | D:1      | Reached XP level 1. HP: 18/18 MP: 0/0
   173 | D:1      | Reached skill level 1 in Stealth
   189 | D:1      | Reached XP level 2. HP: 25/25 MP: 1/1
   691 | D:1      | Reached skill level 1 in Armour
   786 | D:2      | Reached XP level 3. HP: 30/30 MP: 2/2
   931 | D:2      | Reached skill level 5 in Ranged Weapons
  1046 | D:2      | Noticed Natasha
  1062 | D:2      | Slain by Natasha

Illustrated notes

Levels and vault maps discovered:
D:1:      spicycebolla_arrival_ecumenical, layout_basic,
          hangedman_abyss_or_decor_stabs, dk_noncrumbling_4
D:2:      layout_basic, hangedman_abyss_or_decor_lesser_grid, fountainhead,
          minmay_tetromino_i2, uniq_natasha

Skill      XL: |  1  2  3 |
---------------+----------+-----
Stealth        | 1 |  1.0
Armour         | 1 |  1.5
Ranged Weapons | 5 |  5.0
Fighting       | 3 |  3.0
Dodging        | |  2.8

Action                     || total
---------------------------++-------
   Fire: Shortbow          ||    94
 Armour: Ring mail         ||    22
  Dodge: Dodged            ||    32

Table legend: (Time is in decaauts)
 A = Elapsed time spent in this place.
 B = Non-inter-level travel time spent in this place.
 C = Inter-level travel time spent in this place.
 D = Time resting spent in this place.
 E = Time spent auto-exploring this place.
 F = Levels seen in this place.
 G = Mean time per level.
                   A        B        C        D        E       F      G
               +--------+--------+--------+--------+--------+-----+--------+
         Total |   1097 |   1083 |     14 |      0 |    841 |   2 |  548.5 |
       Dungeon |   1097 |   1083 |     14 |      0 |    841 |   2 |  548.5 |
               +--------+--------+--------+--------+--------+-----+--------+

Top non-repeatable levels by time:
     D:1: 807 daAuts
     D:2: 289 daAuts
